 Dungeon Crawl Stone Soup version 0.24-a0-181-gd121a6d (webtiles) character file.

Game seed: 2404700396459176294

632 emperorscorpion the Insei (level 7, -1/55 HPs)
             Began as a White Draconian Transmuter on Mar 14, 2019.
             Succumbed to an adder's poison
             ... on level 3 of the Dungeon.
             The game lasted 00:08:28 (2694 turns).

emperorscorpion the Insei (DrTm)                    Turns: 2694, Time: 00:08:29

Health: -1/55      AC:  7    Str: 13    XL:     7   Next: 24%
Magic:  11/11      EV: 19    Int: 18    God:
Gold:   112        SH:  0    Dex: 18    Spells: 2/12 levels left

rFire    . . .     SeeInvis .     - Unarmed
rCold    + . .     Gourm    .   (no shield)
rNeg     . . .     Faith    .   (armour unavailable)
rPois    .         Spirit   .   (helmet restricted)
rElec    .         Reflect  .   h - +0 cloak
rCorr    .         Harm     .   (no gloves)
MR       .....                  (no boots)
Stlth    +++.......             (no amulet)
HPRegen  0.18/turn              (no ring)
MPRegen  0.12/turn              (no ring)

@: brilliant, agile, lethally poisoned (-1 -> -22), very slightly contaminated,
invisible
A: breathe frost, unfitting armour, cold resistance 1, cold-blooded, AC +6
a: Breathe Frost


You were on level 3 of the Dungeon.
You were not hungry.

You visited 1 branch of the dungeon, and saw 3 of its levels.

You collected 112 gold pieces.

Inventory:

Missiles
 a - 54 arrows
 i - 4 tomahawks (quivered)
 l - 30 poisoned needles
Armour
 e - a +0 cloak
 h - a +0 cloak (worn)
Scrolls
 b - 4 scrolls of identify {unknown}
 f - a scroll of remove curse {unknown}
 m - a scroll of magic mapping {unknown}
Comestibles
 c - 6 rations
 g - 14 chunks of flesh


   Skills:
 + Level 2.0 Fighting
 + Level 3.3 Dodging
 + Level 1.3 Stealth
 + Level 6.0 Unarmed Combat
 + Level 3.1 Spellcasting
 + Level 3.2 Transmutations
 * Level 0.8 Ice Magic
 - Level 1.0 Poison Magic


You had 2 spell levels left.
You knew the following spells:

 Your Spells              Type           Power        Failure   Level  Hunger
a - Beastly Appendage     Tmut           ####..       1%          1    None
b - Sticks to Snakes      Tmut           ####....     1%          2    ##.....
c - Spider Form           Tmut/Pois      ###.......   2%          3    ###....
d - Ice Form              Ice/Tmut       ###.....     8%          4    ####...

Your spell library contained the following spells:

 Spells                   Type           Power        Failure   Level  Hunger
 Blade Hands              Tmut           ####......   13%         5    ######.


Dungeon Overview and Level Annotations

Branches:
Dungeon (3/15)

Altars:
Trog


Innate Abilities, Weirdness & Mutations

You can breathe waves of freezing cold.
You can buffet flying creatures when you breathe cold.
Your icy white scales are hard. (AC +6)
You cannot fit into any form of body armour.
Your flesh is cold resistant. (rC+)
You are cold-blooded and may be slowed by cold attacks.


Message History

You hit the killer bee.
You kill the killer bee!
Your Fighting skill increases to level 2!
* * * LOW HITPOINT WARNING * * *
You feel sick. The adder barely misses you.
The giant cockroach completely misses you.
Unknown command.
You aren't carrying any potions.
* * * LOW HITPOINT WARNING * * *
You feel sick. The adder bites you.
* * * LOW HITPOINT WARNING * * *
You are more poisoned.
The adder poisons you! The adder closely misses you.
* * * LOW HITPOINT WARNING * * *
You feel sick.
Things that are here:
a +0 falchion; an orc skeleton
* * * LOW HITPOINT WARNING * * *
You feel sick.
You die...

.# ########.##....#
.# #..............#
.# #.######.##..#.
.# ##.## #.....# #
.###...#####..#..#.#
...)...............#
####...#####..#.####
##.## #..#.## #.#
#.sS#@### #.#
#.<###.....#
#.#######..#.######
#......##.#.#
######.##)#.########
#.##)#.#.......
#.##..y..####
#.##.y......y..
#.##รท........y.


There were no monsters in sight!

Vanquished Creatures
  Grinder (D:3)
  Sigmund (D:2)
  2 killer bees (D:3)
  An orc priest (D:3)
  An orc wizard (D:3)
  6 adders
  A worm (D:2)
  2 dart slugs
  2 leopard geckos
  3 orcs (D:3)
  6 bats
  5 giant cockroaches
  5 goblins
  11 hobgoblins
  7 jackals (D:1)
  3 frilled lizards
  8 kobolds
  7 rats
72 creatures vanquished.

Notes
Turn   | Place    | Note
-------+----------+-------------------------------------------
     0 | D:1      | emperorscorpion the Draconian Transmuter began the quest
                  | for the Orb.
     0 | D:1      | Reached XP level 1. HP: 16/16 MP: 3/3
   139 | D:1      | Reached XP level 2. HP: 15/23 MP: 3/5
   349 | D:1      | Learned a level 2 spell: Sticks to Snakes
   697 | D:1      | Reached XP level 3. HP: 16/28 MP: 6/6
  1078 | D:1      | Reached skill level 4 in Unarmed Combat
  1183 | D:2      | Found a faded altar of an unknown god.
  1196 | D:2      | Learned a level 3 spell: Spider Form
  1298 | D:2      | Reached XP level 4. HP: 34/35 MP: 4/7
  1774 | D:2      | Noticed Sigmund
  1787 | D:2      | Killed Sigmund
  1787 | D:2      | Reached skill level 5 in Unarmed Combat
  1787 | D:2      | Reached XP level 5. HP: 41/41 MP: 5/9
  1787 | D:2      | Reached XP level 6. HP: 48/48 MP: 5/10
  2108 | D:3      | Found a bloodstained altar of Trog.
  2114 | D:3      | Noticed Grinder
  2138 | D:3      | Paralysed by something for 3 turns
  2149 | D:3      | Killed Grinder
  2149 | D:3      | Reached skill level 1 in Stealth
  2149 | D:3      | Reached skill level 1 in Poison Magic
  2516 | D:3      | Your scales start taking on an icy white colour.
  2516 | D:3      | Reached XP level 7. HP: 53/53 MP: 7/11
  2516 | D:3      | Gained mutation: Your flesh is cold resistant. (rC+) [White
                  | Draconian growth]
  2548 | D:3      | Learned a level 4 spell: Ice Form
  2678 | D:3      | Reached skill level 6 in Unarmed Combat
  2692 | D:3      | HP: 2/55 [poisoned by an adder]
  2694 | D:3      | Succumbed to an adder's poison

Levels and vault maps discovered:
D:1:      onia_arrival_mini_spirals, layout_basic
D:2:      layout_rooms, chequers_ecumenical_altar_simple_redux, first_ration,
          uniq_sigmund
D:3:      layout_loops_ring, lemuel_round_altar, dancing_weapons_uskayaw,
          uniq_grinder

Skill      XL: |  1  2  3  4  5  6  7 |
---------------+----------------------+-----
Dodging        | 2 3 |  3.3
Unarmed Combat | 4 5 6 |  6.0
Transmutations | 3 |  3.2
Stealth        | 1 |  1.3
Spellcasting   | 3 |  3.1
Poison Magic   | 1 |  1.0
Fighting       | 2 |  2.0
Ice Magic      | |  0.8

Action                   |  1- 3 |  4- 6 |  7- 9 || total
-------------------------+-------+-------+-------++-------
Melee: Unarmed           |   122 |    86 |    21 ||   229
       Tailslap          |    11 |     7 |       ||    18
       Headbutt          |     5 |       |       ||     5
       Punch             |     1 |     2 |       ||     3
       Kick              |     1 |       |       ||     1
 Cast: Beastly Appendage |     9 |     1 |       ||    10
       Spider Form       |     1 |     6 |     1 ||     8
       Sticks to Snakes  |       |     1 |     1 ||     2
 Abil: Breathe Frost     |       |       |     1 ||     1
  Use: Potion            |       |     3 |     4 ||     7
 Stab: Invisible         |       |       |     2 ||     2
  Eat: Chunk             |     1 |     5 |     1 ||     7
Armor: Skin              |    66 |    17 |     4 ||    87
Dodge: Dodged            |    89 |    47 |    28 ||   164

Table legend:
 A = Non-vault XP
 B = Vault XP
 C = Vault XP percentage of total XP
 D = Non-vault monster count
 E = Vault monster count
 F = Vault count percentage of total count
                 A         B        C        D         E       F
            +---------+---------+-------+---------+---------+-------
      Total |     400 |     503 |  55.7 |      70 |       2 |   2.8
            +---------+---------+-------+---------+---------+-------
        D:1 |      75 |       0 |   0.0 |      37 |       0 |   0.0
        D:2 |      81 |     231 |  74.0 |      16 |       1 |   5.9
        D:3 |     244 |     272 |  52.7 |      17 |       1 |   5.6
            +---------+---------+-------+---------+---------+-------
